 Dungeon Crawl Stone Soup version 0.18-a0-1186-gd02dc51 (webtiles) character file.

67 4thArraOfDagon the Cudgeler (level 4, -2/73 HPs)
             Began as an Ogre Berserker on Jan 28, 2016.
             Was a Follower of Trog.
             Killed by divine providence
             ... invoked by an orc priest
              (15 damage)
             ... on level 3 of the Dungeon.
             The game lasted 00:02:37 (441 turns).

4thArraOfDagon the Cudgeler (Ogre Berserker)         Turns: 441, Time: 00:02:37

Health: -2/73      AC:  3    Str: 28    XL:     4   Next: 18%
Magic:  4/4        EV: 10    Int:  6    God:    Trog [*.....]
Gold:   36         SH:  0    Dex:  9    Spells: 0 memorised, 3 levels left

rFire  . . .     SeeInvis .     h - +0 flail
rCold  . . .     Gourm    .     b - +0 animal skin
rNeg   . . .     Faith    .     (no shield)
rPois  .         Spirit   .     (helmet restricted)
rElec  .         Dismiss  .     (no cloak)
rCorr  .         Reflect  .     (gloves unavailable)
SustAt .         Harm     .     (boots unavailable)
MR     ++...                    (no amulet)
Stlth  ..........               (no ring)
                                (no ring)

@: berserking, regenerating, very quick, very resistant to hostile enchantments,
extremely unstealthy
A: unfitting armour, tough skin 1
a: Berserk, Burn Spellbooks, Renounce Religion


You were on level 3 of the Dungeon.
You worshipped Trog.
Trog was aware of your devotion.
You were not hungry.

You visited 1 branch of the dungeon, and saw 3 of its levels.

You collected 36 gold pieces.

Inventory:

Hand Weapons
 h - a +0 flail (weapon)
Armour
 b - a +0 animal skin (worn)
Scrolls
 a - a scroll of enchant weapon {unknown}
 g - a scroll of remove curse {unknown}
Books
 e - a book of Hinderance

   Spells                             Type                      Level
   a - Confusing Touch                Hexes                        2
   b - Confuse                        Hexes                        3
   c - Gell's Gravitas                Hexes/Translocation          3
   d - Petrify                        Transmutation/Earth          4
   e - Metabolic Englaciation         Hexes/Ice                    5
   f - Yara's Violent Unravelling     Hexes/Transmutation          5
   Trog disapproves of the use of such an item.
Comestibles
 c - a bread ration
 d - a meat ration
 f - 7 chunks of flesh


   Skills:
 + Level 4.8 Fighting
 * Level 5.2 Maces & Flails
 + Level 3.2 Dodging


You had 3 spell levels left.
You didn't know any spells.

Dungeon Overview and Level Annotations

Branches:
Dungeon (3/15)

Altars:

Annotations:
D:3 Ijyb


Innate Abilities, Weirdness & Mutations

You are too large for most types of armour.
You have tough skin (AC +1).


Message History

The orc hits you with a club.
Unknown command.
You hit the orc priest.
The orc priest is heavily wounded.
The orc priest mumbles some strange prayers to Beogh against you.
Something smites you!
* * * LOW HITPOINT WARNING * * *
The orc hits you but does no damage.
Unknown command.
You barely miss the orc priest.
The orc priest is heavily wounded.
The orc priest miscasts a cantrip.
Unknown command.
You barely miss the orc priest.
The orc priest is heavily wounded.
The orc hits you with a club.
* * * LOW HITPOINT WARNING * * *
The orc priest mumbles some strange prayers to Beogh against you.
Something smites you!
You die...

#.# #.# #.# ###
#.### #.. # #....
#.# .# ##.### #.#
##.######...## #o#
.............#
#@##o#.######...##
#o##.#.### ##.##
#####{#.....(# #.#
#g..goo....#.# #.#
.K.$#####..###.#
##)## ##
#.......##o# ##[..##
#.#.....##.###)....#
#.#.#...##.##)......
#.......##.#........


You could see Ijyb, an orc priest and 3 orcs.

Vanquished Creatures
  An orc wizard (D:3)
  An adder (D:2)
  7 orcs (D:3)
  3 goblins
  A hobgoblin (D:3)
  3 jackals (D:2)
  2 kobolds (D:2)
  3 giant newts
  2 rats
23 creatures vanquished.

Notes
Turn   | Place    | Note
--------------------------------------------------------------
     0 | D:1      | 4thArraOfDagon the Ogre Berserker began the quest for the Orb.
     0 | D:1      | Reached XP level 1. HP: 24/24 MP: 1/1
   116 | D:2      | Reached XP level 2. HP: 26/32 MP: 2/2
   175 | D:2      | HP: 1/33 [poisoned by an adder]
   230 | D:3      | Reached XP level 3. HP: 4/40 MP: 3/3
   350 | D:3      | Found a faded altar to an unknown god.
   383 | D:3      | Reached skill level 5 in Maces & Flails
   383 | D:3      | Reached XP level 4. HP: 45/49 MP: 4/4
   392 | D:3      | Reached ** piety under Trog
   432 | D:3      | Noticed Ijyb
   441 | D:3      | Killed from afar by an orc priest

Vault maps used:
D:1:      dpeg_arrival_three_same_balls
D:2:      yredelemnul_forgotten_temple_becter, grunt_temple_overflow_open,
          first_bread, nrook_mini_backslash
D:3:      lightli_sewer_entry_pipes, ecumenical_altar_1, uniq_iyjb

Action                   |  1- 3 |  4- 6 || total
-------------------------+-------+-------++-------
Melee: Mace              |    38 |       ||    38
       Flail             |     7 |    16 ||    23
Invok: Berserk           |     5 |     1 ||     6
       Trog's Hand       |       |     2 ||     2
  Use: Potion            |     2 |       ||     2
       Scroll            |     1 |       ||     1
  Eat: Chunk             |     3 |     1 ||     4
